General information
- name: BNet
- type: Ladder team game (AT/RT)
- host: Battle.net
- saver: Mata.
map: RiceFields
- players: 6
- length: 32:00
- speed: Fast
- version: 1.21 W3XP
- replay type:

» download(232 KB)
Players
team 1 (loser)
ChrisTsipas- (
pink | 71 APM | 2271 actions | 31:59)
5 Death Knight
3 Death Coil
2 Unholy Aura
4 Lich
2 Frost Nova
2 Frost Armor
» actions
| Assign group hotkey | 6 | |
| Basic commands | 9 | |
| Build / train | 63 | |
| Enter build submenu | 20 | |
| Enter hero's abilities submenu | 9 | |
| Give item / drop item | 9 | |
| Right click | 1548 | |
| Select / deselect | 418 | |
| Select group hotkey | 97 | |
| Use ability | 92 | |
2271 total
» units
| Acolyte | 10 | |
| Ghoul | 3 | |
| Crypt Fiend | 7 | |
| Frost Wyrm | 11 | |
| Gargoyle | 5 | |
36 total
» upgrades
| Web | 1 | |
| Freezing Breath | 1 | |
| Creature Carapace | 2 | |
4 total
» buildings
| Crypt | 1 | |
| Graveyard | 1 | |
| Ziggurat | 8 | |
| Altar of Darkness | 1 | |
| Tomb of Relics | 1 | |
| Nerubian Tower | 1 | |
| Halls of the Dead | 1 | |
| Black Citadel | 1 | |
| Sacrificial Pit | 1 | |
| Boneyard | 2 | |
18 total
» build order
00:08 Crypt
00:11 Graveyard
00:16 Ziggurat
00:36 Altar of Darkness
01:30 Tomb of Relics
01:47 Ziggurat
02:58 Nerubian Tower
03:57 Halls of the Dead
04:34 Ziggurat
06:25 Black Citadel
06:28 Sacrificial Pit
08:47 Boneyard
09:05 Boneyard
09:06 Ziggurat
09:32 Ziggurat
10:37 Ziggurat
12:40 Ziggurat
12:42 Ziggurat
» items
| Rod of Necromancy | 1 | |
| Dust of Appearance | 1 | |
| Orb of Corruption | 1 | |
| Scroll of Healing | 1 | |
| Scroll of Town Portal | 3 | |
7 total
JonathonTsipas- (
yellow | 73 APM | 2295 actions | 31:37)
3 Keeper of the Grove
2 Entangling Roots
1 Thorns Aura
3 Dark Ranger
2 Black Arrow
1 Silence
3 Naga Sea Witch
1 Frost Arrows
2 Forked Lightning
» actions
| Assign group hotkey | 41 | |
| Basic commands | 12 | |
| Build / train | 102 | |
| Enter build submenu | 20 | |
| Enter hero's abilities submenu | 9 | |
| Give item / drop item | 1 | |
| Right click | 1184 | |
| Select / deselect | 206 | |
| Select group hotkey | 666 | |
| Use ability | 54 | |
2295 total
» units
| Wisp | 32 | |
| Huntress | 6 | |
| Chimaera | 31 | |
| Hippogryph | 4 | |
| Druid of the Talon | 4 | |
77 total
» upgrades
| Corrosive Breath | 1 | |
| Strength of the Wild | 1 | |
| Reinforced Hides | 1 | |
| Well Spring | 1 | |
| Druid of the Talon Training | 1 | |
5 total
» buildings
| Altar of Elders | 1 | |
| Moon Well | 8 | |
| Hunter's Hall | 1 | |
| Ancient of War | 2 | |
| Tree of Ages | 4 | |
| Tree of Eternity | 2 | |
| Ancient of Wind | 1 | |
| Chimaera Roost | 3 | |
| Tree of Life | 3 | |
25 total
» build order
00:11 Altar of Elders
00:19 Moon Well
01:43 Hunter's Hall
01:48 Ancient of War
02:19 Ancient of War
02:24 Moon Well
02:42 Moon Well
04:04 Tree of Ages
04:05 Tree of Ages
04:05 Tree of Ages
04:57 Moon Well
05:38 Moon Well
06:27 Tree of Eternity
06:30 Ancient of Wind
08:56 Chimaera Roost
10:08 Chimaera Roost
10:18 Chimaera Roost
12:37 Tree of Life
13:12 Moon Well
18:58 Moon Well
19:06 Moon Well
30:19 Tree of Life
31:36 Tree of Life
TomTsipas- (
purple | 50 APM | 1588 actions | 31:42)
4 Priestess of the Moon
2 Trueshot Aura
2 Scout
3 Keeper of the Grove
2 Entangling Roots
1 Thorns Aura
» actions
| Assign group hotkey | 21 | |
| Build / train | 75 | |
| Enter build submenu | 28 | |
| Enter hero's abilities submenu | 7 | |
| Remove unit from queue | 3 | |
| Right click | 942 | |
| Select / deselect | 345 | |
| Select group hotkey | 111 | |
| Use ability | 55 | |
1588 total
» units
| Wisp | 49 | |
| Huntress | 3 | |
| Glaive Thrower | 1 | |
| Dryad | 5 | |
58 total
» upgrades
» buildings
| Altar of Elders | 2 | |
| Moon Well | 7 | |
| Hunter's Hall | 1 | |
| Ancient of War | 2 | |
| Tree of Ages | 1 | |
| Ancient of Lore | 3 | |
| Tree of Eternity | 1 | |
| Ancient of Wonders | 1 | |
| Tree of Life | 3 | |
| Ancient Protector | 8 | |
29 total
» build order
00:07 Altar of Elders
00:08 Moon Well
01:38 Hunter's Hall
02:02 Ancient of War
02:27 Ancient of War
02:31 Moon Well
02:48 Moon Well
06:17 Moon Well
08:32 Tree of Ages
11:07 Ancient of Lore
11:12 Ancient of Lore
11:33 Ancient of Lore
11:52 Tree of Eternity
12:30 Ancient of Wonders
12:33 Moon Well
12:35 Moon Well
12:37 Moon Well
14:03 Tree of Life
14:33 Tree of Life
21:29 Ancient Protector
21:30 Ancient Protector
21:32 Ancient Protector
21:33 Ancient Protector
21:35 Ancient Protector
24:39 Altar of Elders
25:48 Ancient Protector
25:51 Ancient Protector
25:53 Ancient Protector
28:27 Tree of Life
» items
| Kelen's Dagger of Escape | 1 | |
| Orb of Frost | 1 | |
2 total
team 2 (winner)
dIRTMCWORDUp (
green | 65 APM | 2091 actions | 31:59)
6 Blademaster
3 Wind Walk
2 Critical Strike
1 Bladestorm
» actions
| Assign group hotkey | 27 | |
| Basic commands | 14 | |
| Build / train | 80 | |
| ESC pressed | 4 | |
| Enter build submenu | 100 | |
| Enter hero's abilities submenu | 6 | |
| Right click | 918 | |
| Select / deselect | 298 | |
| Select group hotkey | 418 | |
| Use ability | 226 | |
2091 total
» units
» upgrades
| Ranged Weapons | 3 | |
| Armor | 4 | |
| Reinforced Defenses | 1 | |
| Spiked Barricades | 1 | |
| Liquid Fire | 1 | |
| Pillage | 1 | |
11 total
» buildings
| War Mill | 2 | |
| Altar of Storms | 1 | |
| Orc Burrow | 5 | |
| Watch Tower | 80 | |
| Stronghold | 1 | |
| Voodoo Lounge | 1 | |
| Beastiary | 3 | |
| Fortress | 1 | |
| Great Hall | 1 | |
95 total
» build order
00:04 War Mill
00:10 Altar of Storms
00:16 Orc Burrow
01:26 Watch Tower
01:56 Watch Tower
02:16 Orc Burrow
02:31 Watch Tower
03:08 Watch Tower
03:11 Watch Tower
04:12 Stronghold
04:14 Watch Tower
04:17 Watch Tower
04:19 Voodoo Lounge
04:28 War Mill
05:34 Watch Tower
05:35 Watch Tower
06:06 Watch Tower
06:12 Watch Tower
06:39 Beastiary
06:45 Watch Tower
07:01 Watch Tower
07:50 Fortress
08:24 Watch Tower
08:27 Watch Tower
08:30 Watch Tower
08:53 Beastiary
08:54 Orc Burrow
08:56 Watch Tower
08:59 Watch Tower
08:59 Watch Tower
09:02 Watch Tower
09:02 Watch Tower
09:04 Orc Burrow
09:57 Beastiary
09:59 Watch Tower
10:01 Watch Tower
10:57 Orc Burrow
11:04 Watch Tower
11:05 Watch Tower
12:13 Watch Tower
12:23 Watch Tower
12:28 Watch Tower
12:31 Watch Tower
14:31 Watch Tower
15:50 Watch Tower
15:52 Watch Tower
15:54 Watch Tower
15:57 Watch Tower
16:00 Watch Tower
16:18 Watch Tower
16:40 Watch Tower
17:22 Watch Tower
17:34 Watch Tower
17:39 Watch Tower
17:43 Watch Tower
18:01 Watch Tower
18:57 Watch Tower
19:04 Great Hall
19:07 Watch Tower
19:09 Watch Tower
19:23 Watch Tower
19:24 Watch Tower
19:26 Watch Tower
19:27 Watch Tower
20:11 Watch Tower
20:16 Watch Tower
20:20 Watch Tower
20:21 Watch Tower
21:24 Watch Tower
21:24 Watch Tower
21:26 Watch Tower
21:26 Watch Tower
21:29 Watch Tower
21:29 Watch Tower
21:59 Watch Tower
22:26 Watch Tower
22:34 Watch Tower
22:36 Watch Tower
22:48 Watch Tower
23:04 Watch Tower
23:06 Watch Tower
23:51 Watch Tower
23:51 Watch Tower
23:52 Watch Tower
24:59 Watch Tower
25:00 Watch Tower
25:01 Watch Tower
25:02 Watch Tower
25:08 Watch Tower
26:25 Watch Tower
26:26 Watch Tower
26:27 Watch Tower
26:27 Watch Tower
27:28 Watch Tower
27:29 Watch Tower
» items
| Lesser Clarity Potion | 4 | |
| Healing Salve | 2 | |
| Scroll of Speed | 1 | |
| Orb of Lightning | 1 | |
| Scroll of Town Portal | 2 | |
| Claws of Attack +15 | 1 | |
| Gloves of Haste | 1 | |
| Potion of Healing | 1 | |
| Potion of Mana | 2 | |
15 total
iggy_the_fisk (
red | 90 APM | 2893 actions | 31:59)
3 Archmage
2 Blizzard
1 Brilliance Aura
2 Blood Mage
1 Flame Strike
1 Siphon Mana
» actions
| Assign group hotkey | 29 | |
| Basic commands | 8 | |
| Build / train | 156 | |
| Enter build submenu | 147 | |
| Enter hero's abilities submenu | 5 | |
| Give item / drop item | 5 | |
| Right click | 1435 | |
| Select / deselect | 493 | |
| Select group hotkey | 322 | |
| Use ability | 293 | |
2893 total
» units
| Peasant | 26 | |
| Dragonhawk Rider | 12 | |
38 total
» upgrades
| Masonry | 3 | |
| Lumber Harvesting | 2 | |
| Magic Sentry | 1 | |
| Swords | 3 | |
| Armor | 3 | |
| Animal War Training | 1 | |
| Cloud | 1 | |
14 total
» buildings
| Altar of Kings | 1 | |
| Farm | 5 | |
| Lumber Mill | 1 | |
| Scout Tower | 195 | |
| Guard Tower | 85 | |
| Arcane Tower | 3 | |
| Arcane Vault | 1 | |
| Keep | 1 | |
| Castle | 1 | |
| Town Hall | 2 | |
| Arcane Sanctum | 1 | |
| Gryphon Aviary | 2 | |
| Blacksmith | 2 | |
| Barracks | 1 | |
301 total
» build order
00:04 Altar of Kings
00:18 Farm
00:40 Farm
00:51 Lumber Mill
01:34 Scout Tower
01:43 Scout Tower
01:56 Scout Tower
02:07 Guard Tower
02:12 Scout Tower
02:12 Guard Tower
02:20 Scout Tower
02:22 Scout Tower
02:31 Guard Tower
02:33 Scout Tower
02:41 Guard Tower
02:47 Scout Tower
02:48 Scout Tower
02:57 Guard Tower
03:08 Guard Tower
03:11 Scout Tower
03:26 Arcane Tower
03:40 Guard Tower
04:03 Guard Tower
04:04 Scout Tower
04:05 Scout Tower
04:20 Scout Tower
04:22 Scout Tower
04:24 Scout Tower
04:25 Scout Tower
04:44 Arcane Vault
04:51 Guard Tower
04:57 Scout Tower
04:59 Scout Tower
05:03 Guard Tower
05:05 Scout Tower
05:06 Scout Tower
05:18 Guard Tower
05:43 Guard Tower
05:55 Keep
06:02 Guard Tower
06:03 Guard Tower
06:03 Guard Tower
06:10 Guard Tower
06:13 Scout Tower
06:15 Scout Tower
06:30 Guard Tower
06:51 Scout Tower
06:51 Scout Tower
06:59 Guard Tower
07:08 Guard Tower
07:12 Scout Tower
07:12 Scout Tower
07:20 Scout Tower
07:21 Guard Tower
07:41 Guard Tower
07:50 Guard Tower
07:51 Scout Tower
07:57 Scout Tower
08:06 Guard Tower
08:13 Scout Tower
08:15 Scout Tower
08:24 Scout Tower
08:30 Castle
08:37 Guard Tower
08:46 Guard Tower
08:51 Scout Tower
09:22 Guard Tower
09:29 Scout Tower
09:34 Guard Tower
09:39 Scout Tower
09:40 Scout Tower
09:42 Scout Tower
09:43 Scout Tower
09:47 Scout Tower
11:03 Guard Tower
11:17 Scout Tower
11:18 Scout Tower
11:46 Guard Tower
11:49 Farm
11:51 Farm
12:00 Town Hall
12:02 Scout Tower
12:03 Scout Tower
12:03 Scout Tower
12:04 Scout Tower
12:05 Scout Tower
12:05 Scout Tower
12:11 Scout Tower
12:12 Scout Tower
12:25 Scout Tower
12:27 Scout Tower
12:31 Scout Tower
12:32 Scout Tower
12:34 Guard Tower
12:46 Scout Tower
12:48 Scout Tower
12:49 Scout Tower
12:50 Scout Tower
12:51 Scout Tower
12:51 Scout Tower
12:54 Scout Tower
12:55 Scout Tower
12:55 Scout Tower
12:56 Scout Tower
12:57 Scout Tower
12:58 Scout Tower
12:59 Guard Tower
13:02 Guard Tower
13:05 Scout Tower
13:07 Guard Tower
13:22 Guard Tower
13:24 Scout Tower
13:25 Scout Tower
13:26 Guard Tower
13:44 Scout Tower
13:46 Guard Tower
13:48 Scout Tower
13:49 Scout Tower
13:50 Scout Tower
14:00 Scout Tower
14:02 Guard Tower
14:25 Guard Tower
14:28 Guard Tower
14:48 Scout Tower
14:49 Scout Tower
14:49 Scout Tower
14:50 Scout Tower
14:51 Scout Tower
14:51 Scout Tower
14:55 Scout Tower
14:56 Scout Tower
14:57 Scout Tower
15:12 Scout Tower
15:13 Scout Tower
15:14 Scout Tower
15:15 Scout Tower
15:15 Scout Tower
15:16 Scout Tower
15:21 Guard Tower
15:23 Scout Tower
15:26 Guard Tower
15:30 Arcane Sanctum
15:37 Guard Tower
15:40 Scout Tower
15:42 Scout Tower
15:43 Guard Tower
15:47 Scout Tower
15:48 Scout Tower
15:49 Scout Tower
15:51 Guard Tower
15:56 Scout Tower
15:57 Scout Tower
16:01 Scout Tower
16:02 Scout Tower
16:03 Scout Tower
16:04 Scout Tower
16:21 Guard Tower
16:23 Scout Tower
16:24 Scout Tower
16:27 Scout Tower
16:28 Scout Tower
16:30 Guard Tower
16:55 Guard Tower
16:58 Scout Tower
17:10 Guard Tower
17:12 Guard Tower
17:22 Scout Tower
17:23 Scout Tower
17:27 Scout Tower
17:28 Scout Tower
17:28 Scout Tower
17:29 Scout Tower
17:32 Guard Tower
17:36 Scout Tower
17:37 Scout Tower
17:38 Scout Tower
17:38 Scout Tower
17:40 Guard Tower
17:44 Guard Tower
17:46 Guard Tower
18:01 Guard Tower
18:08 Scout Tower
18:09 Scout Tower
18:14 Guard Tower
18:21 Guard Tower
18:25 Scout Tower
18:26 Scout Tower
18:26 Scout Tower
18:27 Scout Tower
18:28 Scout Tower
18:29 Scout Tower
18:33 Town Hall
18:37 Scout Tower
18:38 Scout Tower
18:39 Scout Tower
18:39 Scout Tower
18:40 Scout Tower
18:41 Scout Tower
18:44 Scout Tower
18:45 Scout Tower
18:46 Scout Tower
18:47 Scout Tower
18:47 Scout Tower
18:48 Scout Tower
18:51 Guard Tower
19:11 Scout Tower
19:12 Scout Tower
19:17 Gryphon Aviary
19:19 Blacksmith
19:21 Barracks
19:26 Blacksmith
19:29 Gryphon Aviary
19:33 Guard Tower
19:39 Guard Tower
20:03 Guard Tower
20:20 Scout Tower
20:21 Scout Tower
20:22 Scout Tower
20:23 Scout Tower
20:30 Arcane Tower
20:58 Guard Tower
21:02 Scout Tower
21:03 Scout Tower
21:04 Scout Tower
21:05 Scout Tower
21:06 Scout Tower
21:06 Scout Tower
21:11 Arcane Tower
21:14 Scout Tower
21:16 Scout Tower
21:16 Scout Tower
21:17 Scout Tower
21:18 Scout Tower
21:19 Scout Tower
21:31 Farm
21:54 Guard Tower
22:03 Scout Tower
22:05 Scout Tower
22:06 Scout Tower
22:07 Scout Tower
22:07 Scout Tower
22:30 Guard Tower
22:32 Guard Tower
22:48 Guard Tower
23:03 Guard Tower
23:05 Guard Tower
23:41 Scout Tower
23:42 Scout Tower
24:09 Guard Tower
24:15 Scout Tower
24:17 Guard Tower
24:35 Scout Tower
24:36 Scout Tower
24:37 Scout Tower
24:38 Scout Tower
24:39 Scout Tower
24:42 Scout Tower
24:43 Scout Tower
24:44 Scout Tower
24:45 Scout Tower
24:49 Guard Tower
24:59 Guard Tower
25:03 Scout Tower
25:05 Scout Tower
25:05 Scout Tower
25:25 Guard Tower
25:29 Guard Tower
25:42 Scout Tower
25:43 Scout Tower
25:49 Scout Tower
25:51 Guard Tower
26:17 Guard Tower
26:24 Scout Tower
26:25 Scout Tower
27:06 Guard Tower
27:40 Guard Tower
27:55 Guard Tower
28:32 Scout Tower
28:41 Guard Tower
29:23 Scout Tower
29:25 Guard Tower
29:28 Scout Tower
29:29 Scout Tower
29:30 Scout Tower
29:31 Scout Tower
29:31 Scout Tower
29:32 Scout Tower
29:40 Scout Tower
29:41 Scout Tower
30:02 Guard Tower
30:08 Guard Tower
30:23 Guard Tower
30:57 Guard Tower
30:59 Scout Tower
31:00 Scout Tower
31:02 Scout Tower
31:02 Scout Tower
31:36 Scout Tower
31:37 Scout Tower
31:37 Scout Tower
» items
| Lesser Clarity Potion | 1 | |
| Healing Salve | 1 | |
| Staff of Sanctuary | 1 | |
| Orb of Fire | 1 | |
| Scroll of Town Portal | 3 | |
7 total
Mata. (
blue | 120 APM | 3853 actions | 32:00)
5 Warden
3 Shadow Strike
2 Blink
» actions
| Assign group hotkey | 699 | |
| Basic commands | 1 | |
| Build / train | 69 | |
| Enter build submenu | 20 | |
| Enter hero's abilities submenu | 5 | |
| Give item / drop item | 3 | |
| Right click | 2424 | |
| Select / deselect | 492 | |
| Select group hotkey | 2 | |
| Use ability | 138 | |
3853 total
» units
» upgrades
| Well Spring | 1 | |
| Ultravision | 1 | |
| Nature's Blessing | 1 | |
3 total
» buildings
| Altar of Elders | 1 | |
| Moon Well | 7 | |
| Tree of Ages | 2 | |
| Tree of Eternity | 1 | |
| Ancient of Wonders | 2 | |
| Tree of Life | 4 | |
| Hunter's Hall | 1 | |
18 total
» build order
00:07 Altar of Elders
00:17 Moon Well
01:28 Moon Well
02:38 Moon Well
03:15 Tree of Ages
03:16 Tree of Ages
03:20 Moon Well
03:22 Moon Well
05:23 Moon Well
05:59 Tree of Eternity
06:38 Ancient of Wonders
11:58 Tree of Life
12:33 Hunter's Hall
12:36 Moon Well
19:00 Ancient of Wonders
20:50 Tree of Life
23:55 Tree of Life
29:07 Tree of Life
» items
| Orb of Frost | 1 | |
| Scroll of Town Portal | 3 | |
| Claws of Attack +15 | 4 | |
8 total
Chat log
(00:02 / Allies) dIRTMCWORDUp: garg feed 100g
(00:15 / All) TomTsipas-: LOL JOKE?
(00:19 / All) ChrisTsipas-: IGGY- ?
(00:20 / All) TomTsipas-: IS THIS A ERROR?
(00:23 / All) ChrisTsipas-: iGGY- THE FREE WIN?
(00:26 / Allies) Mata.: hah
(00:27 / All) iggy_the_fisk: I'm iggy
(00:29 / All) dIRTMCWORDUp: huh
(00:30 / All) ChrisTsipas-: LOL
(00:30 / All) TomTsipas-: LOL
(00:31 / All) ChrisTsipas-: WE OWNED U
(00:32 / All) ChrisTsipas-: REMEMBER?
(00:34 / All) dIRTMCWORDUp: nope./
(00:37 / All) ChrisTsipas-: 2S GAME
(00:38 / All) TomTsipas-: WE OWNED U IN 10 MIN IN 2V2 IGGY
(00:39 / All) ChrisTsipas-: AWHILE BACK
(00:43 / All) dIRTMCWORDUp: ?
(00:44 / Allies) Mata.: 10 min not thath short
(00:46 / All) ChrisTsipas-: STFU GREEN
(00:47 / All) ChrisTsipas-: U NOOB
(00:49 / All) dIRTMCWORDUp: are you guys all brothers.
(00:49 / All) ChrisTsipas-: NOT TALKING TO U
(00:49 / All) TomTsipas-: LOL
(00:52 / All) TomTsipas-: YES
(00:53 / All) TomTsipas-: R U
(00:53 / All) ChrisTsipas-: WE TALKING TO MR.FREEWIN IGGY-
(00:55 / All) dIRTMCWORDUp: really
(00:56 / All) iggy_the_fisk: he doesn't know
(00:58 / All) iggy_the_fisk: will you stop plz
(01:00 / All) JonathonTsipas-: WHATS GAVE IT AWAY>
(01:02 / Allies) Mata.: iggy tower me
(01:08 / All) TomTsipas-: SILENCE RED
(01:11 / All) dIRTMCWORDUp: is tsipas really your last ame, is that greek
(01:12 / All) ChrisTsipas-: U NOOB
(01:13 / All) TomTsipas-: IMBISIL
(01:15 / All) ChrisTsipas-: NO
(01:16 / All) ChrisTsipas-: ITS AMERICAN
(01:17 / All) ChrisTsipas-: FOR
(01:19 / All) ChrisTsipas-: UR A FUCKING NOOB
(01:19 / All) ChrisTsipas-: LOL
(01:46 / Allies) Mata.: share iggy the free win
(01:54 / All) JonathonTsipas-: NOOBS
(01:55 / All) ChrisTsipas-: WTF
(01:56 / All) TomTsipas-: LOL U FORGOT UR RAX GREEN
(01:58 / All) ChrisTsipas-: GREEN U NEED A RAX LOL
(01:59 / All) dIRTMCWORDUp: please manner up
(02:01 / All) ChrisTsipas-: HAHAHAHHAHAHAHAHA
(02:05 / All) ChrisTsipas-: GUYS UR PARTNER FORGOT HIS RAX
(02:07 / All) dIRTMCWORDUp: rax is useless vs gargs : - )
(02:13 / All) ChrisTsipas-: LOL BLUE FORGOT HIS RAX TOO
(02:13 / All) TomTsipas-: GARGS?
(02:18 / All) ChrisTsipas-: GARG?
(02:19 / All) TomTsipas-: LOL NICE BASE RED
(02:20 / All) TomTsipas-: LOL
(02:20 / All) ChrisTsipas-: LIKE GARGLEMONSTER?
(02:26 / All) ChrisTsipas-: WTF
(02:28 / All) iggy_the_fisk: stop plz...
(02:29 / All) ChrisTsipas-: U GUYS ALL FORGOT RAX'ES
(02:30 / All) ChrisTsipas-: LOL....
(02:35 / All) ChrisTsipas-: HAHAHAHAHAHHAHAAHHAHAHA TOM THEY FORGOT BARRACKS
(02:38 / All) TomTsipas-: LOL
(02:40 / All) TomTsipas-: HAHAHAHAHA
(02:43 / All) TomTsipas-: WHAT NOOBS
(02:45 / All) JonathonTsipas-: DONT CRY PLZ
(02:49 / All) dIRTMCWORDUp: talking in all caps not very original gimmick
(02:56 / All) TomTsipas-: RED UR BASE IS PRO
(02:56 / All) dIRTMCWORDUp: |oh huntafiend sweet
(03:00 / All) dIRTMCWORDUp: thanks for the win
(03:04 / All) TomTsipas-: LOL
(03:05 / All) ChrisTsipas-: U MEAN LOSE?
(03:06 / All) ChrisTsipas-: LOL
(03:16 / Allies) iggy_the_fisk: lum
(03:16 / All) dIRTMCWORDUp: garg feed would've been rough ty
(03:34 / All) ChrisTsipas-: ANYTIME MR.NOOB
(03:39 / All) dIRTMCWORDUp: lose more wisp
(03:46 / All) dIRTMCWORDUp: level 2 wahooo
(03:52 / All) dIRTMCWORDUp: lmfao
(03:59 / Allies) Mata.: build towers around
(03:59 / Allies) Mata.: her
(04:00 / All) ChrisTsipas-: WAT?
(04:00 / Allies) Mata.: or something
(04:04 / All) ChrisTsipas-: MANNER UP PLZ...
(04:05 / All) dIRTMCWORDUp: holy crap
(04:08 / All) dIRTMCWORDUp: level 2 off wisp ty
(04:46 / Allies) dIRTMCWORDUp: purple got 0 wuis
(04:47 / Allies) dIRTMCWORDUp: wis
(04:48 / Allies) dIRTMCWORDUp: p
(04:54 / Allies) Mata.: his hero might tp soon
(04:55 / Allies) Mata.: so stay there
(04:56 / Allies) Mata.: with like 0 hp
(05:02 / Allies) dIRTMCWORDUp: tlel me when
(05:07 / Allies) Mata.: you need to stay live tho
(05:10 / Allies) dIRTMCWORDUp: a bandy
(05:10 / Allies) dIRTMCWORDUp: im out
(05:17 / Allies) Mata.: you got enough for another meld
(05:30 / Allies) dIRTMCWORDUp: dont wanna greed of the noob
(05:44 / Allies) dIRTMCWORDUp: i killed mad wisp
(05:47 / Allies) Mata.: we got hero
(05:48 / Allies) dIRTMCWORDUp: fucked his economy big time
(05:51 / Allies) dIRTMCWORDUp: he doesnt detonate or heal
(05:54 / Allies) dIRTMCWORDUp: im going back for more
(06:01 / Allies) dIRTMCWORDUp: hit other nelf
(06:14 / Allies) Mata.: you want cloak or something
(06:16 / Allies) Mata.: for long harass
(06:20 / Allies) dIRTMCWORDUp: nah
(06:28 / Allies) Mata.: yo iggzor
(06:33 / Allies) Mata.: milit up and we take
(06:42 / Allies) dIRTMCWORDUp: any lum
(06:51 / Allies) Mata.: iggy didnt build towers at my base so it's gone
(07:06 / All) ChrisTsipas-: LOL
(07:12 / Allies) dIRTMCWORDUp: guy hates tower
(07:17 / All) ChrisTsipas-: HOW CAN U WIN WITH TOWERS?
(07:23 / All) dIRTMCWORDUp: how can you win with no wisp lmfao
(07:26 / All) TomTsipas-: TOWERS CANT MOVE LOL
(07:30 / All) Mata.: only works when enemies are mad noob
(07:33 / All) Mata.: so i think we're good this game
(07:54 / Allies) dIRTMCWORDUp: any sources
(07:59 / Allies) dIRTMCWORDUp: gonna bat a nelf
(08:00 / Allies) Mata.: base is gone
(08:00 / Allies) Mata.: so
(08:00 / Allies) Mata.: no
(08:15 / Allies) Mata.: iggy what's so bd about towers?
(08:20 / Allies) dIRTMCWORDUp: can you not kid around liek that
(08:35 / All) ChrisTsipas-: LOL
(08:41 / Allies) Mata.: iggy hates towers and expansions
(08:54 / Allies) iggy_the_fisk: it's a style
(09:21 / Allies) Mata.: you saved my base timg
(09:26 / Allies) dIRTMCWORDUp: did i
(09:27 / Allies) Mata.: by making bandy run back
(09:29 / Allies) Mata.: yes and bandy inc
(09:52 / Allies) dIRTMCWORDUp: both nelf economy kinda fucked
(10:09 / Allies) dIRTMCWORDUp: wisp
(10:19 / Allies) dIRTMCWORDUp: lum
(10:40 / All) dIRTMCWORDUp: one mroe
(10:43 / All) dIRTMCWORDUp: level 3
(10:44 / All) dIRTMCWORDUp: please
(10:46 / All) dIRTMCWORDUp: ty
(10:50 / Allies) dIRTMCWORDUp: level 3 off wisps
(10:53 / Allies) Mata.: damn
(10:59 / Allies) Mata.: upgrade
(11:17 / Allies) Mata.: they'll die
(11:19 / Allies) Mata.: eventually
(11:24 / Allies) dIRTMCWORDUp: lores
(11:25 / Allies) dIRTMCWORDUp: thank god
(11:41 / Allies) dIRTMCWORDUp: lum
(12:05 / Allies) Mata.: iggy
(12:06 / Allies) Mata.: build some towers
(12:06 / Allies) Mata.: please
(12:43 / Allies) Mata.: love this
(12:44 / Allies) dIRTMCWORDUp: batting purple soon
(12:45 / Allies) Mata.: you know when they creeping it
(12:54 / Allies) Mata.: mad wyrm
(13:08 / Allies) dIRTMCWORDUp: ill force tp
(13:10 / Allies) iggy_the_fisk: lum
(13:22 / Allies) dIRTMCWORDUp: forcing tp
(13:25 / Allies) Mata.: cancel this tower
(13:28 / Allies) Mata.: it's gonna block my hero
(13:48 / All) dIRTMCWORDUp: lmfao
(14:05 / Allies) Mata.: so i need mad towers
(14:14 / Allies) dIRTMCWORDUp: any gold
(14:18 / Allies) Mata.: none
(14:35 / Allies) dIRTMCWORDUp: this is close
(15:03 / Allies) iggy_the_fisk: lum
(15:26 / Allies) Mata.: work em
(15:30 / Allies) dIRTMCWORDUp: dyrad
(15:37 / Allies) Mata.: he can't exactly go bears i'm guessing
(16:26 / Allies) dIRTMCWORDUp: gold
(16:36 / Allies) dIRTMCWORDUp: opencraking it
(16:40 / Allies) Mata.: bat that shit
(16:58 / All) TomTsipas-: HU ICON SHOULD BE A TOWER
(17:07 / All) Mata.: agree actually
(17:12 / Allies) dIRTMCWORDUp: gold
(17:47 / All) TomTsipas-: D
(17:47 / Allies) dIRTMCWORDUp: mad gold
(17:50 / Allies) dIRTMCWORDUp: i need bat tower main
(18:54 / Allies) Mata.: gig is up
(19:33 / Allies) dIRTMCWORDUp: lum
(20:52 / Allies) Mata.: tower this
(21:44 / Allies) Mata.: looks like ya need battes
(21:50 / Allies) Mata.: dont give that kotg level 5 yet pleaze
(22:06 / Allies) dIRTMCWORDUp: need help
(22:09 / Allies) dIRTMCWORDUp: and $$
(22:10 / Allies) Mata.: i'll come up
(22:13 / Allies) dIRTMCWORDUp: and true sight tower
(23:10 / Allies) Mata.: they're on my expo like a fag on dick
(23:11 / Allies) Mata.: can't give gold anymore
(23:17 / Allies) dIRTMCWORDUp: im good
(23:20 / Allies) dIRTMCWORDUp: my expo is up and tight
(23:36 / Allies) Mata.: help me out a lil then
(23:41 / Allies) Mata.: or yeah own they bases
(23:46 / Allies) Mata.: that's a bandey cooking in there
(23:47 / Allies) Mata.: so fuckin own it
(23:59 / Allies) Mata.: ned more towers
(25:12 / Allies) iggy_the_fisk: hella reveals here
(25:26 / Allies) Mata.: sigh
(25:38 / Allies) Mata.: gonna uproot if they kill my main again
(25:52 / Allies) dIRTMCWORDUp: fuck
(25:55 / Allies) dIRTMCWORDUp: didnt pick up claws
(25:56 / Allies) dIRTMCWORDUp: was too late
(26:04 / Allies) dIRTMCWORDUp: and they was just lying there fuck me
(26:20 / Allies) Mata.: also gloves
(26:20 / Allies) Mata.: ya
(26:30 / Allies) dIRTMCWORDUp: gloves sooooooo good
(26:32 / Allies) dIRTMCWORDUp: esp. for they price
(27:03 / Allies) Mata.: got madddd hostilse
(27:12 / Allies) dIRTMCWORDUp: killing shit
(27:15 / Allies) dIRTMCWORDUp: hitting purp expo
(28:11 / All) Mata.: gg
(28:16 / All) ChrisTsipas-: LOL
(28:18 / Allies) Mata.: man silence almost did me in
(28:22 / Allies) iggy_the_fisk: saw
(28:26 / Allies) iggy_the_fisk: i was scared
(28:30 / Allies) dIRTMCWORDUp: and kids this is why you always carry a tp on yo
(28:31 / All) ChrisTsipas-: IGGY ONLY WINS BY BEING GAY
(28:40 / All) dIRTMCWORDUp: lmfao
(28:44 / Allies) Mata.: is this true iggy...
(28:44 / All) ChrisTsipas-: TOM
(28:47 / All) ChrisTsipas-: SHOW HIM THE REPLAY
(28:51 / All) ChrisTsipas-: OF US OWNING HIM IN A LEGIT GAME
(28:52 / All) ChrisTsipas-: NOT GAY PROTO SHIT
(28:53 / Allies) dIRTMCWORDUp: tunneling thorugh
(28:59 / All) iggy_the_fisk: i would like to see that..
(29:00 / All) dIRTMCWORDUp: this aint really proto
(29:07 / All) ChrisTsipas-: ... HOW IS THIS NOT PROTO?
(29:16 / All) dIRTMCWORDUp: more like mass tower lmfao.
(29:48 / All) dIRTMCWORDUp: can i say 1 thing guiys
(29:56 / Allies) iggy_the_fisk: i wonder how bad this iGGY- is
(29:57 / All) Mata.: that 1 thing is that you got owned
(29:58 / Allies) iggy_the_fisk: he seems nice
(30:03 / All) ChrisTsipas-: U CAN SAY IT
(30:04 / All) ChrisTsipas-: DOESNT MEAN ITS TRUE
(30:05 / All) ChrisTsipas-: LOL
(30:06 / Allies) Mata.: we should hook up
(30:08 / Allies) Mata.: with iggy-
(30:38 / Allies) Mata.: dont greed;
(30:39 / Allies) Mata.: get birds out
(31:00 / Allies) dIRTMCWORDUp: damn you guys havent touched they bases
(31:04 / All) dIRTMCWORDUp: brb pizza
(31:05 / All) Mata.: nice try fag
(31:05 / All) dIRTMCWORDUp: one sec
(31:06 / All) dIRTMCWORDUp: please brb pizza here
(31:10 / Allies) dIRTMCWORDUp: i love when peeps do that
(31:15 / Allies) Mata.: sometimes it works tho
(31:29 / Allies) Mata.: yo timbo check out warden itemization
(31:43 / All) Mata.: looool ;)
(31:45 / All) iggy_the_fisk: owned by iggy...
(31:48 / All) Mata.: gg scrubbos
(31:54 / All) ChrisTsipas-: IGGY WATCH FOR OUR REPLAY OF US OWNING U REPOSTING IT